 Dungeon Crawl Stone Soup version 0.27-a0-1200-g94dc6ad4cf (webtiles) character file.

Game seed: 1594404904971546732

11325 roflturtle the Zephyrmancer (level 11, -7/82 HPs)
             Began as a Demigod Air Elementalist on June 1, 2021.
             Mangled by a yak (11 damage)
             ... on level 1 of the Lair of Beasts on June 2, 2021.
             The game lasted 00:45:57 (14595 turns).

roflturtle the Zephyrmancer (DgAE)                 Turns: 14595, Time: 00:45:58

Health: -7/82      AC:  9    Str:  9    XL:     11   Next: 24%
Magic:  13/24      EV: 14    Int: 35    God:
Gold:   638        SH:  0    Dex: 14    Spells: 5/22 levels left

rFire    . . .     SeeInvis .   L - +2 short sword (drain)
rCold    . . .     Faith    .   (no shield)
rNeg     . . .     Spirit   .   a - +0 robe
rPois    .         Reflect  .   (no helmet)
rElec    .         Harm     .   r - +0 cloak
rCorr    .         Rampage  .   i - +0 pair of gloves
Will     +....                  I - +0 pair of boots
Stlth    ++........             M - amulet of magic regeneration
HPRegen  0.23/turn              p - +6 ring of intelligence
MPRegen  0.44/turn              w - +4 ring of protection

@: no status effects
A: high mp 1, forlorn
a: no special abilities


You were on level 1 of the Lair of Beasts.
You visited 2 branches of the dungeon, and saw 12 of its levels.

You collected 638 gold pieces.

Inventory:

Hand Weapons
 L - a +2 short sword of draining (weapon)
Missiles
 l - 7 curare-tipped darts
 R - 8 boomerangs of dispersal
Armour
 a - a +0 robe (worn)
 i - a +0 pair of gloves (worn)
 n - a scarf of shadows
 r - a +0 cloak (worn)
 I - a +0 pair of boots (worn)
Magical Staves
 C - a staff of poison
Jewellery
 p - a +6 ring of intelligence (left hand)
 w - a +4 ring of protection (right hand)
 A - a ring of flight
 M - an amulet of magic regeneration (around neck)
 O - a ring of fire
 Q - a ring of ice
 S - a ring of willpower
 U - a ring of protection from fire
Wands
 b - a wand of iceblast (4)
 t - a wand of polymorph (8)
 z - a wand of mindburst (22)
 F - a wand of charming (5)
 G - a wand of flame (32)
 K - a wand of digging (3)
Scrolls
 c - 2 scrolls of enchant weapon {unknown}
 d - 10 scrolls of identify {unknown}
 f - 3 scrolls of teleportation {unknown}
 h - 6 scrolls of fear {unknown}
 o - a scroll of blinking {unknown}
 q - 3 scrolls of brand weapon {unknown}
 v - a scroll of noise {unknown}
 y - 2 scrolls of enchant armour {unknown}
 B - 2 scrolls of magic mapping {unknown}
 H - 2 scrolls of acquirement {unknown}
 J - a scroll of summoning {unknown}
 T - a scroll of silence {unknown}
Potions
 e - 4 potions of brilliance
 g - a potion of ambrosia {unknown}
 j - 2 potions of degeneration {unknown}
 k - a potion of cancellation {unknown}
 m - 2 potions of might {unknown}
 s - 2 potions of invisibility {unknown}
 u - 4 potions of curing {unknown}
 x - a potion of mutation {unknown}
 D - a potion of flight {unknown}
 E - a potion of attraction {unknown}
 N - a potion of magic {unknown}
 P - a potion of heal wounds {unknown}


   Skills:
 - Level 3.0 Fighting
 - Level 6.1 Dodging
 - Level 3.2 Stealth
 - Level 6.1 Spellcasting
 - Level 8.2 Conjurations
 - Level 10.0 Air Magic
 + Level 5.5 Evocations


You had 5 spell levels left.
You knew the following spells:

 Your Spells              Type           Power      Damage    Failure   Level
a - Shock                 Conj/Air       100%       1d9       1%          1
b - Static Discharge      Conj/Air       65%        N/A       1%          2
c - Swiftness             Air            69%        N/A       1%          3
d - Airstrike             Air            34%        N/A       1%          4
e - Lightning Bolt        Conj/Air       32%        1d50      2%          5
f - Blink                 Tloc           N/A        N/A       5%          2

Your spell library contained the following spells:

 Spells                   Type           Power      Damage    Failure   Level
 Beastly Appendage        Tmut           20%        N/A       3%          1
 Wereblood                Tmut           10%        N/A       5%          2
 Gell's Gravitas          Tloc           5%         N/A       11%         3
 Lesser Beckoning         Tloc           5%         N/A       11%         3
 Spider Form              Tmut/Pois      5%         N/A       11%         3
 Teleport Other           Tloc           10%        N/A       11%         3
 Ice Form                 Ice/Tmut       10%        N/A       36%         4
 Hydra Form               Tmut           5%         N/A       71%         5
 Manifold Assault         Tloc           10%        N/A       71%         5


Dungeon Overview and Level Annotations

Branches:
Dungeon (11/15)              Lair (1/6) D:9             Orc (0/2) D:11
 Temple: D:4-7

Shops:
D:7 [


Innate Abilities, Weirdness & Mutations

Your attributes grow dramatically as you level up.
You have an increased reservoir of magic. (+10% MP)
You shall have no god before yourself.


Message History

The yak is moderately wounded.
The yak is struck by an arc of lightning!
The yak is heavily wounded.
The yak is struck by an arc of lightning.
The yak is severely wounded.
The yak is struck by an arc of lightning.
The yak is severely wounded.
The lightning grounds out.
The yak seems less drained.
The yak misses you. The yak closely misses you. The yak barely misses you.
The yak gores you.
* * * LOW HITPOINT WARNING * * *
The yak gores you!
* * * LOW HITPOINT WARNING * * *
Unknown command.
Casting: Static Discharge (safe; 1% risk of failure)
Confirm with . or Enter, or press ? or * to list all spells.
The yak is struck by an arc of lightning!
The yak is almost dead.
The yak is struck by an arc of lightning.
The yak is severely wounded.
The yak is struck by an arc of lightning!
You kill the yak!
You are struck by an arc of lightning.
* * * LOW HITPOINT WARNING * * *
The lightning grounds out.
The yak is struck by an arc of lightning.
The yak is moderately wounded.
You are struck by an arc of lightning.
* * * LOW HITPOINT WARNING * * *
The lightning grounds out.
The yak is struck by an arc of lightning!
The yak is severely wounded.
You are struck by an arc of lightning.
* * * LOW HITPOINT WARNING * * *
The yak is struck by an arc of lightning.
The yak is heavily wounded.
The lightning grounds out.
The yak is struck by an arc of lightning!
You kill the yak!
The lightning grounds out.
The yak gores you!
You die...

#####..........##...#
####...#........#
#...#........##
#######....P..## ####
#........##...###.
###....##.#........
##.#................
#.Y†Y...............
##†@.......>...#....
#.†.Y..#.####.F.....
#..........P###.)...
#.......#.#..###.....
###.....#...#Y..###..
##...#........# ..
##.##(...#...###..
..#######........ ..
#........


You could see 3 yaks.

Vanquished Creatures
  2 hydras
  A centaur warrior (D:10)
  Erica (D:9)
  A two-headed ogre (D:9)
  An ugly thing (D:10)
  2 deep elf pyromancers
  Maurice (D:9)
  A troll (D:10)
  Prince Ribbit (D:6)
  11 yaks
  Sigmund (D:4)
  A water moccasin (D:8)
  7 orc warriors
  2 sky beasts
  An ice beast (D:5)
  2 black bears
  A necrophage (D:5)
  3 ogres
  5 centaurs
  A phantom (D:4)
  5 bullfrogs
  2 scorpions (D:7)
  A gnoll sergeant (D:9)
  5 centaur zombies
  2 hounds
  5 orc priests
  3 gnoll shamans
  A scorpion zombie (D:5)
  2 iguanas
  6 orc wizards
  A killer bee zombie (D:8)
  2 howler monkey zombies
  20 gnolls
  6 adders
  A shadow imp (D:7)
  3 white imps
  An ufetubus (D:7)
  2 worms
  2 dart slugs
  32 orcs
  7 ball pythons
  7 bats
  8 endoplasms
  3 giant cockroaches
  7 hobgoblins
  6 jackals
  8 kobolds
  3 quokkas
  2 frilled lizards
  4 goblins
  3 rats
206 creatures vanquished.

Vanquished Creatures (others)
  3 fungi (D:9)
  3 plants
6 creatures vanquished.

Grand Total: 212 creatures vanquished

Notes
Turn   | Place    | Note
-------+----------+-------------------------------------------
     0 | D:1      | roflturtle the Demigod Air Elementalist began the quest for
                  | the Orb.
     0 | D:1      | Reached XP level 1. HP: 14/14 MP: 5/5
    85 | D:1      | Reached skill level 1 in Conjurations
   347 | D:1      | Reached XP level 2. HP: 20/20 MP: 0/7
   350 | D:1      | Learned a level 2 spell: Static Discharge
   719 | D:1      | Reached skill level 3 in Air Magic
  1675 | D:2      | Reached XP level 3. HP: 26/26 MP: 5/8
  1915 | D:2      | Learned a level 3 spell: Swiftness
  2856 | D:3      | Reached XP level 4. HP: 33/33 MP: 4/9
  2872 | D:3      | Reached skill level 1 in Fighting
  3918 | D:4      | Noticed a black bear
  3919 | D:4      | Reached XP level 5. HP: 40/40 MP: 3/10
  3926 | D:4      | Noticed Sigmund
  3942 | D:4      | HP: 1/40 [black bear (3)]
  3947 | D:4      | Killed a black bear
  3948 | D:4      | Reached skill level 4 in Air Magic
  4270 | D:5      | Entered Level 5 of the Dungeon
  4282 | D:5      | Noticed a sky beast
  4291 | D:4      | Reached skill level 5 in Air Magic
  4524 | D:4      | Reached XP level 6. HP: 47/47 MP: 7/12
  4915 | D:4      | Learned a level 4 spell: Airstrike
  4917 | D:4      | Killed Sigmund
  4964 | D:4      | Reached XP level 7. HP: 35/52 MP: 0/16
  5213 | D:4      | Noticed a yak
  5213 | D:4      | Noticed a yak
  6946 | D:6      | Noticed Prince Ribbit
  6947 | D:6      | Reached skill level 6 in Air Magic
  7004 | D:6      | Killed Prince Ribbit
  7005 | D:6      | Reached skill level 5 in Conjurations
  7005 | D:6      | Reached XP level 8. HP: 61/61 MP: 0/17
  7011 | D:6      | Learned a level 5 spell: Lightning Bolt
  7631 | D:6      | Reached skill level 5 in Spellcasting
  8028 | D:7      | Reached skill level 1 in Evocations
  8615 | D:7      | Found Ecayc's Antique Armour Boutique.
  9462 | D:7      | Reached XP level 9. HP: 69/69 MP: 6/20
  9836 | D:8      | Reached skill level 7 in Air Magic
  9986 | D:8      | Noticed a deep elf pyromancer
  9990 | D:8      | Killed a deep elf pyromancer
 10303 | D:8      | Noticed a four-headed hydra
 11264 | D:8      | Killed a four-headed hydra
 11265 | D:8      | Reached XP level 10. HP: 57/77 MP: 0/21
 11524 | D:9      | Noticed Erica
 11535 | D:9      | Killed Erica
 11536 | D:9      | Reached skill level 8 in Air Magic
 11839 | D:9      | Noticed a two-headed ogre
 11986 | D:9      | Found a staircase to the Lair.
 12126 | D:9      | Noticed Maurice
 12142 | D:10     | Entered Level 10 of the Dungeon
 12145 | D:10     | Noticed a deep elf pyromancer
 12150 | D:10     | Killed a deep elf pyromancer
 12151 | D:10     | Reached skill level 9 in Air Magic
 12391 | D:10     | Noticed a centaur warrior
 12397 | D:10     | Noticed a seven-headed hydra
 12397 | D:10     | Noticed a white ugly thing
 12400 | D:10     | Killed a centaur warrior
 12401 | D:10     | Reached skill level 10 in Air Magic
 12475 | D:10     | Killed a white ugly thing
 12584 | D:10     | Killed a seven-headed hydra
 13659 | D:11     | Reached XP level 11. HP: 78/82 MP: 8/23
 13696 | D:11     | Found a staircase to the Orcish Mines.
 13705 | D:11     | Noticed a boulder beetle
 13814 | D:9      | Killed a two-headed ogre
 14187 | D:9      | Learned a level 2 spell: Blink
 14225 | Lair:1   | Entered Level 1 of the Lair of Beasts
 14393 | D:9      | Killed Maurice
 14394 | D:9      | Reached skill level 5 in Evocations
 14595 | Lair:1   | HP: 4/82 [/static electricity (5)]
 14595 | Lair:1   | Mangled by a yak

Illustrated notes

Levels and vault maps discovered:
D:1:      dpeg_arrival_castle, layout_basic
D:2:      layout_rooms, hellmonk_ecumenical_altar_heavens_door,
          grunt_ministairs_15, minmay_cut_off
D:3:      layout_basic, nicolae_overflow_crystal_walls,
          nicolae_ru_path_of_blood, minmay_misc_feat_roman
D:4:      layout_cave_pods, nicolae_overflow_quartered_altars,
          minmay_temple_entry_glassed_door, uniq_sigmund
D:5:      layout_layer_cave, feat_on_display
D:6:      layout_loops_ring, lemuel_doored_altar, water_boxes_lemuel,
          uniq_prince_ribbit1
D:7:      layout_basic, kennysheep_little_box, serial_shops,
          nicolae_shop_overgrown_old_shop, minmay_tree_intersection,
          roderic_serpentine_path, minmay_chambers_of_fives
D:8:      layout_gridville
D:9:      layout_rooms, lemuel_tele_altar, dpeg_oklobed_lair, uniq_erica,
          uniq_maurice
D:10:     layout_layer_cave, brannock_xom_greatest_gift, kb_rosetta
D:11:     minmay_recursive_quarters, layout_irregular_city,
          ebering_ghost_inner_flame
Lair:1:   layout_misc_corridors, serial_bayou_shore_b

Skill      XL: |  1  2  3  4  5  6  7  8  9 10 11 |
---------------+----------------------------------+-----
Conjurations   | 1 3 5 7 8 |  8.2
Spellcasting   | 2 4 5 6 |  6.1
Dodging        | 2 3 6 |  6.1
Air Magic      | 3 5 6 7 10 | 10.0
Stealth        | 2 3 |  3.2
Fighting       | 1 2 3 |  3.0
Evocations     | 3 4 5 |  5.5

Action                   |  1- 3 |  4- 6 |  7- 9 | 10-12 || total
-------------------------+-------+-------+-------+-------++-------
Melee: Dagger            |    20 |    46 |    37 |       ||   103
       Short sword       |       |       |       |    44 ||    44
 Cast: Shock             |   110 |    85 |   100 |    30 ||   325
       Static Discharge  |     1 |     6 |    12 |    12 ||    31
       Airstrike         |       |     2 |    69 |    61 ||   132
       Lightning Bolt    |       |       |    11 |     7 ||    18
       Swiftness         |       |       |     1 |       ||     1
Evoke: Wand              |       |       |       |     3 ||     3
  Use: Potion            |       |       |     1 |       ||     1
Armor: Robe              |    10 |    17 |    24 |    71 ||   122
Dodge: Dodged            |    14 |    53 |    46 |    94 ||   207

Table legend: (Time is in decaauts)
 A = Elapsed time spent in this place.
 B = Non-inter-level travel time spent in this place.
 C = Inter-level travel time spent in this place.
 D = Time resting spent in this place.
 E = Time spent auto-exploring this place.
 F = Levels seen in this place.
 G = Mean time per level.
                   A        B        C        D        E       F      G
               +--------+--------+--------+--------+--------+-----+--------+
         Total |  14605 |  14072 |    533 |   3188 |   9347 |  12 | 1217.1 |
       Dungeon |  14477 |  13944 |    533 |   3188 |   9277 |  11 | 1316.1 |
          Lair |    128 |    128 |      0 |      0 |     70 |   1 |  128.0 |
               +--------+--------+--------+--------+--------+-----+--------+

Top non-repeatable levels by time:
     D:7: 2550 daAuts
     D:5: 1744 daAuts
     D:1: 1637 daAuts
     D:4: 1608 daAuts
    D:10: 1480 daAuts
     D:3: 1340 daAuts
     D:8: 1192 daAuts
     D:9: 1089 daAuts
     D:6: 1048 daAuts
     D:2: 646 daAuts
    D:11: 139 daAuts
  Lair:1: 128 daAuts
